 Dungeon Crawl Stone Soup version 0.30-a0-800-g7c544603b3 (webtiles) character file.

Game seed: 16579505382130725647

51604 arthad the Summoner (level 14, -2/51 HPs)
             Began as a Felid Summoner on Feb 21, 2023.
             Was an Initiate of Gozag.
             Killed from afar by a wretched star (26 damage)
             ... with a lance of force
             ... on level 3 of the Abyss on Feb 22, 2023.
             The game lasted 01:55:05 (28450 turns).

arthad the Summoner (Felid Summoner)               Turns: 28450, Time: 01:55:05

Health: -2/51      AC:  7    Str:  4    XL:     14   Next: 24%
Magic:  33/40      EV: 29    Int: 20    God:    Gozag
Gold:   4544       SH:  0    Dex: 23    Spells: 10/37 levels left
                                        Lives:  0   Deaths: 4

rFire   . . .      SeeInvis +      - Unarmed
rCold   + . .      Faith    .    (shield unavailable)
rNeg    + . .      Spirit   .    (body armour unavailable)
rPois   .          Reflect  .    (helmet unavailable)
rElec   .          Harm     .    (cloak unavailable)
rCorr   .          Rampage  .    (gloves unavailable)
Will    ++...                    (boots unavailable)
Stlth   ++++                     N - amulet of magic regeneration
HPRegen 0.28/turn                C - +4 ring of protection
MPRegen 0.67/turn                b - ring "Jasomu" {rN+ MP+9 Dex+5 Stlth+}

@: quick
A: very small, claws 1, fangs 3, see invisible, speed 1, shaggy fur 3, stealthy
paws, no weapons or thrown items, no armour, multi-lived, [frail 2]
a: Renounce Religion, Potion Petition, Call Merchant, Bribe Branch


You were on level 3 of the Abyss.
You worshipped Gozag.
Gozag was most pleased with you.
You visited 4 branches of the dungeon, and saw 23 of its levels.
You visited the Abyss 1 time.
You also visited: Gauntlet.

You collected 8442 gold pieces.
You spent 662 gold pieces at shops.
You paid 3236 gold pieces to Gozag.

Inventory:

Jewellery
 b - the ring "Jasomu" (right paw) {rN+ MP+9 Dex+5 Stlth+}
   (You found it on level 5 of the Lair of Beasts)

   [ring of positive energy]

   Dex:       It affects your dexterity (+5).
   rN:        It protects you from negative energy.
   MP:        It affects your magic capacity (+9).
   Stlth:     It makes you more stealthy.
 d - a ring of positive energy
 h - a ring of fire
 q - a +5 ring of evasion
 t - a +6 ring of dexterity
 w - a ring of ice
 z - an amulet of regeneration
 B - a ring of protection from fire
 C - a +4 ring of protection (left paw)
 K - a ring of protection from fire
 N - an amulet of magic regeneration (around neck)
 O - a ring of resist corrosion
 R - the amulet of Viacw {rF++ Regen+ Str-2 Stlth+}
   (You found it in a Gauntlet)

   [amulet of regeneration]

   Str:       It affects your strength (-2).
   rF:        It greatly protects you from fire.
   Regen:     It increases your rate of health regeneration.
   Stlth:     It makes you more stealthy.
 S - the amulet of Qearhaf {Acrobat rC+ rN+ MP-9}
   (You found it in a Gauntlet)

   [amulet of the acrobat]

   It increases your evasion while moving and waiting.
   rC:        It protects you from cold.
   rN:        It protects you from negative energy.
   MP:        It affects your magic capacity (-9).
 T - a ring of magical power
Wands
 c - a wand of digging (6)
 n - a wand of polymorph (18)
 x - a wand of iceblast (10)
 y - a wand of light (11)
 E - a wand of flame (28)
 I - a wand of charming (3)
 Q - a wand of mindburst (1)
Scrolls
 e - 6 scrolls of enchant armour
 f - a scroll of torment
 g - 3 scrolls of poison
 i - a scroll of blinking
 j - 5 scrolls of fog
 p - 2 scrolls of noise
 r - 9 scrolls of teleportation
 s - a scroll of brand weapon
 D - 2 scrolls of fear
 G - a scroll of immolation
 H - 2 scrolls of amnesia
Potions
 a - 3 potions of magic
 k - 4 potions of haste
 l - 3 potions of berserk rage
 m - 7 potions of lignification
 o - 2 potions of curing
 u - 2 potions of might
 v - 4 potions of flight
 A - 3 potions of attraction
 F - 3 potions of mutation
 J - a potion of cancellation
 L - 2 potions of ambrosia
 M - a potion of degeneration
 P - a potion of resistance
 U - a potion of brilliance


   Skills:
 + Level 9.2 Fighting
 + Level 12.4 Dodging
 - Level 2.6 Stealth
 + Level 9.5 Unarmed Combat
 - Level 12.0 Spellcasting
 - Level 5.8 Hexes
 * Level 14.2 Summonings
 * Level 9.3 Transmutations
 * Level 10.5 Air Magic
 - Level 3.6 Evocations


You had 10 spell levels left.
You knew the following spells:

 Your Spells              Type           Power      Damage    Failure   Level
a - Inner Flame           Hex/Fire       23%        N/A       4%          3
b - Call Imp              Summ           62%        N/A       1%          2
c - Call Canine Familiar  Summ           62%        N/A       1%          3
d - Summon Guardian Gole  Hex/Summ       51%        N/A       1%          3
e - Summon Lightning Spi  Summ/Air       57%        N/A       1%          4
f - Tukima's Dance        Hex            35%        N/A       1%          3
g - Storm Form            Tmut/Air       25%        N/A       63%         7
h - Wereblood             Tmut           49%        N/A       1%          2

Your spell library contained the following spells:

 Spells                   Type           Power      Damage    Failure   Level
 Summon Small Mammal      Summ           100%       N/A       0%          1
 Slow                     Hex            100%       N/A       1%          1
 Cigotuvi's Dreadful Rot  Necr/Pois/Air  52%        N/A       1%          2
 Passwall                 Tmut/Erth      25%        N/A       1%          2
 Confusing Touch          Hex            35%        N/A       1%          3
 Spider Form              Tmut/Pois      30%        N/A       2%          3
 Blade Hands              Tmut           24%        N/A       3%          5
 Dazzling Flash           Conj/Hex       46%        N/A       4%          3
 Ignite Poison            Fire/Tmut/Pois 24%        N/A       4%          3
 Sandblast                Erth           24%        2d8       5%          1
 Stone Arrow              Conj/Erth      24%        3d8       17%         3
 Vampiric Draining        Necr           12%        2d6       17%         3
 Alistair's Intoxication  Tmut/Pois      20%        N/A       24%         5
 Irradiate                Conj/Tmut      15%        3d16      24%         5
 Dispel Undead            Necr           12%        3d9       50%         4
 Flame Wave               Conj/Fire      12%        2d6       50%         4
 Iskenderun's Mystic Bla  Conj/Tloc      12%        2d5       50%         4
 Sticky Flame             Conj/Fire      12%        2d4       50%         4
 Death Channel            Necr           6%         N/A       100%        6
 Starburst                Conj/Fire      6%         6d4       100%        6
 Ignition                 Fire           6%         3d4       100%        8
 Portal Projectile        Hex/Tloc       Unusable   N/A       N/A         3

Dungeon Overview and Level Annotations

Branches:
Dungeon (15/15)            Temple (1/1) D:6            Lair (5/5) D:8
 Shoals (0/4) Lair:3        Snake (0/4) Lair:2        Slime (0/5) Lair:4
    Orc (2/2) D:12            Elf (0/3) Orc:2        Vaults (0/5) D:14
 Depths (0/4) D:15        Gauntlet (visited)

Altars:
Ashenzari
Cheibriados
Dithmenos
Elyvilon
Fedhas
Gozag
Hepliaklqana
Kikubaaqudgha
Makhleb
Nemelex Xobeh
Okawaru
Qazlal
Ru
Sif Muna
Trog
Uskayaw
Vehumet
Wu Jian
Xom
Yredelemnul
Zin
The Shining One
Ignis

Shops:
Orc:1 (   Orc:2 (([[?   Lair:1 =   Lair:2 =   Lair:5 :

Annotations:
D:12 1 runed translucent door, exclusion: orange crystal statue
Lair:4 4 runed translucent doors, Hyaharphifiu's ghost, journeyman DsFE Gauntlet 9 transporters, 12 runed translucent doors


Innate Abilities, Weirdness & Mutations

You have sharp claws.
You have razor-sharp teeth.
You have supernaturally acute eyesight. (SInv)
You cover ground quickly. (Speed+)
Your thick and shaggy fur keeps you warm. (AC +3, rC+)
Your paws help you pounce on unaware monsters.
You are incapable of wielding weapons or throwing items.
You cannot wear armour.
You gain extra lives every three experience levels.
[You are very frail. (-20% HP)]


Message History

The large abomination is lightly damaged.
Your warg is severely wounded.
You claw the wretched star! Your bite misses the wretched star.
The wretched star is lightly damaged.
The large abomination misses your warg.
The wretched star glows turbulently.
The lance of force misses you. The lance of force hits your warg!!
Your warg dies!
Your warg's corpse disappears in a puff of smoke!
You barely miss the wretched star.
You bite the wretched star, but do no damage.
The wretched star is lightly damaged.
Your guardian golem overheats!
Your lightning spire shoots out a bolt of lightning at the large abomination!
The bolt of electricity hits the large abomination.
You scratch the wretched star.
The wretched star is moderately damaged.
The wretched star glows turbulently.
The lance of force hits you!!
Your lightning spire shoots out a bolt of lightning at the large abomination!
The bolt of electricity hits the large abomination!
You barely miss the wretched star.
The wretched star is moderately damaged.
Your lightning spire shoots out a bolt of lightning at the large abomination!
The bolt of electricity hits the large abomination!
You scratch the wretched star.
You claw the wretched star, but do no damage.
Your bite misses the wretched star.
The wretched star is moderately damaged.
The wretched star pulses with an eldritch light!
You feel frail. x2
You scratch the wretched star but do no damage.
The wretched star is moderately damaged.
Casting: Summon Guardian Golem (safe; 1% risk of failure)
Confirm with . or Enter, or press ? or * to list all spells.
The wretched star glows turbulently.
The lance of force hits you!!
Ouch! That really hurt!
You die...
Your body crumbles into a pile of gold.

# #.. .##.
.ยง. #.#####
#...h.#
#.##...X8#.#.#
#.....@*9...#
#.#.....#.###
#.##### #


You could see a wretched star (ally target), a large abomination (distracted,
ally target), a friendly guardian golem (summoned, inner flame), a friendly warg
(summoned) and a friendly lightning spire (summoned, sheltered).

Vanquished Creatures
  A rakshasa (D:14)
  A hell beast (Gauntlet)
  A two-headed ogre (D:15)
  A death yak (Lair:5)
  A skyshark (Lair:3)
  2 skeletal warriors (D:10)
  A wizard (Gauntlet)
  An elephant (Lair:4)
  A cane toad (Lair:3)
  A rime drake (Lair:5)
  2 blink frogs (Lair:2)
  A wyvern (Lair:5)
  4 yaks
  A warg (Orc:1)
  2 water moccasins (Lair:2)
  2 orc warriors (Orc:2)
  2 boggarts
  5 wolves
  A phantom (D:4)
  A necrophage (D:5)
  A wight (D:8)
  A gnoll bouda (D:8)
  An iguana (D:4)
  2 orc wizards
  A gnoll (D:8)
  A white imp (D:5)
  A dart slug (D:5)
  3 orcs
  A jackal (D:5)
  A quokka (D:1)
  A bat (D:1)
  2 kobolds
48 creatures vanquished.

Vanquished Creatures (collateral kills)
  Jorgrun (D:14)
  An orc warlord (Orc:2)
  Nessos (Orc:2)
  Josephine (Orc:1)
  Fannar (Lair:1)
  A hydra (D:13)
  A vault guard (D:14)
  2 catoblepae (Lair:5)
  An ogre mage (D:15)
  2 boulder beetles
  A centaur warrior (D:14)
  6 death yaks
  3 two-headed ogres
  A tengu warrior (D:14)
  2 orc high priests
  Nergalle (Orc:1)
  3 skeletal warriors (D:10)
  A glowing orange brain (D:14)
  3 deep elf pyromancers
  A salamander (D:15)
  2 manticores
  4 orc knights
  3 orc sorcerers
  3 cyclopes
  9 elephants
  5 black mambas
  5 cane toads
  A torpor snail (Lair:5)
  A gargoyle (D:11)
  A water nymph (Lair:3)
  A cane toad (shapeshifter) (D:10)
  An unseen horror (D:11)
  4 rime drakes
  4 kobold demonologists
  A yaktaur (shapeshifter) (D:13)
  5 komodo dragons
  5 polar bears
  3 trolls
  4 hornets
  14 blink frogs
  10 slime creatures
  A dream sheep (Lair:5)
  Sigmund (D:6)
  A centaur simulacrum (D:14)
  2 shadows
  8 spriggans (Lair:5)
  A vampire (D:10)
  5 wraiths
  A wyvern (D:9)
  20 yaks
  2 basilisks
  2 steam dragons
  5 wargs
  A naga (Lair:2)
  4 vampire mosquitoes
  2 acid dragons
  5 water moccasins
  4 black bears
  28 orc warriors
  7 ice beasts
  A sky beast (D:8)
  13 ogres
  3 boggarts (Lair:5)
  8 centaurs
  29 wolves
  A phantom (D:3)
  5 kobold brigands
  9 bullfrogs
  A necrophage (D:5)
  3 scorpions
  4 wights (D:8)
  Dowan (D:6)
  4 howler monkeys
  2 hounds
  A jelly (D:7)
  16 orc priests
  A gnoll bouda (D:7)
  2 iguanas (D:5)
  22 orc wizards
  13 gnolls
  7 adders
  5 shadow imps
  7 white imps
  3 ufetubi (D:12)
  2 worms
  5 dart slugs
  113 orcs
  7 endoplasms
  4 giant cockroaches
  6 goblins
  2 hobgoblins
  5 jackals (D:5)
  14 kobolds
  3 quokkas
  6 ball pythons
  3 bats
  7 frilled lizards
  A rat (D:1)
  A butterfly (D:6)
560 creatures vanquished.

Vanquished Creatures (others)
  An orc warlord (Orc:2)
  Snorg (Orc:1)
  An ettin (Orc:2)
  3 hydras
  A centaur warrior (D:15)
  Erica (Orc:1)
  2 two-headed ogres
  5 death yaks
  Urug (Orc:2)
  3 orc knights (Orc:1)
  A wolf spider (D:15)
  An orc sorcerer (Orc:2)
  A manticore (D:15)
  A cyclops (D:12)
  2 ugly things (D:12)
  7 elephants
  Psyche (D:9)
  A rime drake (Lair:5)
  A kobold demonologist (D:12)
  A tengu conjurer (D:13)
  A komodo dragon (Lair:5)
  A queen bee (shapeshifter) (D:15)
  2 polar bears (D:12)
  2 hornets (Lair:5)
  3 trolls
  3 slime creatures
  A wraith (Orc:1)
  4 spriggans (Lair:5)
  A basilisk (Lair:5)
  3 yaks
  A basilisk (shapeshifter) (D:15)
  A dancing weapon (D:11)
  A vampire mosquito (D:13)
  Edmund (D:6)
  2 nagas (Lair:2)
  A warg (Orc:1)
  2 water moccasins (D:6)
  An acid dragon (D:9)
  Duvessa (D:6)
  A black bear (Lair:5)
  13 orc warriors
  2 ogres
  11 wolves
  A boggart (Lair:5)
  A centaur (D:11)
  A scorpion (D:4)
  A howler monkey (D:4)
  A jelly (D:4)
  A gnoll bouda (D:6)
  3 orc wizards
  3 gnolls (D:6)
  2 ufetubi
  11 orcs
  2 bushes (Lair:5)
  16 fungi
  20 plants
  25 withered plants (Gauntlet)
183 creatures vanquished.

Grand Total: 791 creatures vanquished

Notes
Turn   | Place    | Note
-------+----------+-------------------------------------------
     0 | D:1      | arthad the Felid Summoner began the quest for the Orb.
     0 | D:1      | Reached XP level 1. HP: 7/7 MP: 4/4
   225 | D:1      | Reached XP level 2. HP: 8/11 MP: 3/6
   351 | D:1      | Learned a level 2 spell: Call Imp
  1031 | D:1      | Reached skill level 5 in Summonings
  1283 | D:2      | Reached XP level 3. HP: 12/14 MP: 2/7
  1288 | D:2      | Learned a level 3 spell: Call Canine Familiar
  1601 | D:2      | Reached skill level 1 in Hexes
  2545 | D:3      | Found a faded altar of an unknown god.
  2545 | D:3      | Found a shadowy altar of Dithmenos.
  2553 | D:3      | Found an iron altar of Okawaru.
  2555 | D:3      | Found a glowing golden altar of the Shining One.
  2557 | D:3      | Found a sacrificial altar of Ru.
  2759 | D:3      | Reached XP level 4. HP: 18/18 MP: 8/8
  2818 | D:3      | Found a bloodstained altar of Trog.
  3049 | D:3      | Found an opulent altar of Gozag.
  3067 | D:3      | Became a worshipper of Gozag Ym Sagoz the Greedy
  3122 | D:3      | Noticed a phantom
  3148 | D:3      | Killed a phantom
  3149 | D:3      | Reached skill level 1 in Air Magic
  3149 | D:3      | Reached XP level 5. HP: 21/21 MP: 0/10
  3254 | D:3      | Learned a level 3 spell: Summon Guardian Golem
  3465 | D:4      | Noticed a phantom
  3473 | D:4      | Reached skill level 5 in Dodging
  3473 | D:4      | Reached skill level 5 in Spellcasting
  3473 | D:4      | Reached skill level 5 in Hexes
  3473 | D:4      | Reached skill level 7 in Summonings
  3473 | D:4      | Gained mutation: You are covered in thick fur. (AC +2)
                  | [Felid growth]
  3473 | D:4      | Reached XP level 6. HP: 19/28 MP: 0/15
  3474 | D:4      | Identified a scroll of acquirement
  3474 | D:4      | Acquired the Anthology of Permutations
  3498 | D:4      | Reached XP level 7. HP: 31/31 MP: 0/16
  4444 | D:4      | Reached skill level 5 in Air Magic
  4613 | D:5      | Entered Level 5 of the Dungeon
  4658 | D:5      | Reached skill level 8 in Summonings
  4668 | D:5      | Reached XP level 8. HP: 25/36 MP: 4/17
  5933 | D:6      | Noticed Dowan
  5941 | D:6      | Noticed Duvessa
  5943 | D:6      | Noticed Edmund
  5953 | D:6      | Killed Duvessa
  5965 | D:6      | Killed from afar by Dowan
  5966 | D:6      | Reached XP level 7. HP: -8/29 MP: 8/17
  6194 | D:6      | Killed Edmund
  6225 | D:6      | Reached XP level 8. HP: 30/36 MP: 5/18
  6400 | D:6      | Killed Dowan
  6526 | D:6      | Learned a level 4 spell: Summon Lightning Spire
  6530 | D:6      | Learned a level 3 spell: Tukima's Dance
  6701 | D:6      | Noticed Sigmund
  6716 | D:6      | Killed Sigmund
  6825 | D:6      | Reached XP level 9. HP: 31/39 MP: 1/19
  7069 | D:6      | Found a staircase to the Ecumenical Temple.
  7075 | Temple   | Entered the Ecumenical Temple
  7527 | D:7      | Found a snail-covered altar of Cheibriados.
  7527 | D:7      | Found a basalt altar of Yredelemnul.
  8473 | D:8      | Noticed a rime drake
  8484 | D:8      | Killed a rime drake
  8553 | D:8      | Reached skill level 1 in Transmutations
  8651 | D:8      | Reached skill level 9 in Summonings
  8936 | D:8      | Found a staircase to the Lair.
  9752 | D:8      | Found a shimmering blue altar of Sif Muna.
  9944 | D:9      | Noticed Psyche
  9961 | D:9      | Killed Psyche
  9962 | D:9      | Reached XP level 10. HP: 41/43 MP: 10/21
 10305 | D:9      | Reached skill level 5 in Unarmed Combat
 11261 | D:10     | Entered Level 10 of the Dungeon
 11290 | D:10     | Found a hide-covered altar of Uskayaw.
 11411 | D:10     | Noticed a cane toad
 11416 | D:10     | Killed a cane toad
 11483 | D:10     | Noticed a skeletal warrior
 11488 | D:10     | Killed a skeletal warrior
 11489 | D:10     | Reached skill level 5 in Fighting
 11491 | D:10     | Noticed a skeletal warrior
 11495 | D:10     | Noticed a skeletal warrior
 11497 | D:10     | Noticed a skeletal warrior
 11499 | D:10     | Noticed a skeletal warrior
 11499 | D:10     | Killed a skeletal warrior
 11506 | D:10     | Killed a skeletal warrior
 11507 | D:10     | Reached XP level 11. HP: 47/47 MP: 6/23
 11518 | D:10     | Killed a skeletal warrior
 11531 | D:10     | Killed a skeletal warrior
 11714 | D:10     | Noticed a two-headed ogre
 11727 | D:10     | Killed a two-headed ogre
 11728 | D:10     | Reached skill level 10 in Summonings
 13275 | D:11     | Noticed a boulder beetle
 13333 | D:11     | Killed a boulder beetle
 13947 | D:12     | Found a frozen archway.
 14007 | D:12     | Noticed a white ugly thing
 14015 | D:12     | Noticed a two-headed ogre
 14030 | D:12     | Killed a white ugly thing
 14038 | D:12     | Killed a two-headed ogre
 14039 | D:12     | Gained mutation: Your thick and shaggy fur keeps you warm.
                  | (AC +3, rC+) [Felid growth]
 14039 | D:12     | Reached XP level 12. HP: 52/52 MP: 9/25
 14576 | D:12     | Reached skill level 11 in Summonings
 14739 | D:12     | Found a staircase to the Orcish Mines.
 14797 | D:12     | Found a runed translucent door.
 14894 | D:12     | Reached skill level 5 in Transmutations
 15523 | D:13     | Noticed a five-headed hydra
 15538 | D:13     | Killed a five-headed hydra
 16000 | D:13     | Noticed a two-headed ogre
 16010 | D:13     | Killed a two-headed ogre
 17006 | D:14     | Noticed Jorgrun
 17031 | D:14     | Constricted to death by Jorgrun
 17032 | D:14     | Reached XP level 11. HP: -11/49 MP: 8/25
 17032 | D:14     | Noticed a deep elf pyromancer
 17040 | D:14     | Killed a deep elf pyromancer
 17047 | D:14     | Noticed a rakshasa
 17052 | D:14     | Killed Jorgrun
 17062 | D:14     | Killed a rakshasa
 17063 | D:14     | Reached XP level 12. HP: 38/53 MP: 6/26
 17392 | Lair:1   | Entered Level 1 of the Lair of Beasts
 17706 | Lair:1   | Noticed Fannar
 17716 | Lair:1   | Killed Fannar
 18612 | Lair:1   | Bought an amulet of magic regeneration for 480 gold pieces
 19121 | Lair:2   | Reached skill level 10 in Dodging
 19149 | Lair:2   | Found a staircase to the Snake Pit.
 19222 | Lair:2   | Reached skill level 10 in Spellcasting
 19918 | Lair:3   | Noticed a six-headed hydra
 19929 | Lair:3   | Killed a six-headed hydra
 19954 | Lair:3   | Found a staircase to the Shoals.
 19983 | Lair:3   | Reached skill level 12 in Summonings
 21045 | Lair:4   | Reached XP level 13. HP: 57/57 MP: 28/28
 21139 | Lair:4   | Found a runed translucent gate.
 21139 | Lair:4   | Found a runed translucent gate.
 21139 | Lair:4   | Found a runed translucent gate.
 21142 | Lair:4   | Noticed Hyaharphifiu's ghost (journeyman DsFE)
 21188 | Lair:4   | Reached skill level 10 in Air Magic
 21658 | Lair:4   | Found a runed translucent door.
 21659 | Lair:4   | Found a staircase to the Slime Pits.
 22180 | Lair:5   | Entered Level 5 of the Lair of Beasts
 22205 | Lair:5   | Slain by a death yak
 22206 | Lair:5   | Reached XP level 12. HP: -4/55 MP: 27/27
 22269 | Lair:5   | Noticed a catoblepas
 22284 | Lair:5   | Killed a catoblepas
 22310 | Lair:5   | Killed a death yak
 22310 | Lair:5   | Killed a death yak
 22321 | Lair:5   | Killed a death yak
 22321 | Lair:5   | Killed a death yak
 22330 | Lair:5   | Killed a death yak
 22331 | Lair:5   | Reached XP level 13. HP: 32/58 MP: 21/29
 22657 | Lair:5   | Reached skill level 13 in Summonings
 23092 | Lair:5   | Identified the ring "Jasomu" {rN+ MP+9 Dex+5 Stlth+}
 23828 | Lair:5   | Upgraded the game from 0.30-a0-799-g109b55a442 to
                  | 0.30-a0-800-g7c544603b3
 24002 | Orc:1    | Entered Level 1 of the Orcish Mines
 24002 | Orc:1    | Noticed Erica
 24009 | Orc:1    | Paralysed by an orc sorcerer for 3 turns
 24010 | Orc:1    | Killed from afar by an orc sorcerer
 24011 | Orc:1    | Reached XP level 12. HP: -3/56 MP: 35/37
 24055 | Orc:1    | Killed Erica
 24331 | Orc:2    | Entered Level 2 of the Orcish Mines
 24537 | Orc:2    | Noticed an orc warlord
 24544 | Orc:2    | Noticed Nessos
 24554 | Orc:2    | Reached XP level 13. HP: 42/59 MP: 16/29
 24559 | Orc:2    | Killed an orc warlord
 24583 | Orc:2    | Killed Nessos
 24682 | Orc:2    | Found Ysenar's Magic Scroll Shoppe.
 24702 | Orc:2    | Bought a scroll of teleportation for 42 gold pieces
 24702 | Orc:2    | Bought a scroll of fear for 56 gold pieces
 24702 | Orc:2    | Bought a scroll of teleportation for 42 gold pieces
 24702 | Orc:2    | Bought a scroll of teleportation for 42 gold pieces
 24747 | Orc:2    | Noticed an ettin
 24760 | Orc:2    | Killed an ettin
 24997 | Orc:2    | Found a staircase to the Elven Halls.
 25037 | Orc:2    | Noticed an orc warlord
 25050 | Orc:2    | Noticed Urug
 25074 | Orc:2    | Killed Urug
 25077 | Orc:2    | Killed an orc warlord
 25262 | Orc:2    | Found Tosouff's Antique Armour Emporium.
 25536 | Orc:2    | Found Edoshaha's Antique Weapon Shop.
 25766 | Orc:2    | Found Jyxt's Antique Weapon Shoppe.
 25770 | Orc:2    | Found Uloufio's Antique Armour Emporium.
 25841 | Orc:1    | Noticed Josephine
 25841 | Orc:1    | Found Xoissar's Antique Weapon Boutique.
 25845 | Orc:1    | Noticed Snorg
 25985 | Orc:1    | Killed Josephine
 26046 | Orc:1    | Killed Snorg
 26337 | Orc:1    | Noticed Nergalle
 26348 | Orc:1    | Killed Nergalle
 27032 | D:14     | Reached skill level 14 in Summonings
 27069 | D:14     | Found a gate to the Vaults.
 27333 | D:15     | Entered Level 15 of the Dungeon
 27392 | D:15     | Reached XP level 14. HP: 64/64 MP: 27/31
 27705 | D:15     | Found a staircase to the Depths.
 27772 | D:15     | Found a gate leading to a gauntlet.
 27782 | Gauntlet | Entered a Gauntlet
 27782 | Gauntlet | Found a transporter.
 27782 | Gauntlet | Found a transporter.
 27782 | Gauntlet | Found a transporter.
 27799 | Gauntlet | Found a transporter.
 27803 | Gauntlet | Found a transporter.
 27805 | Gauntlet | Found a large runed translucent door.
 27806 | Gauntlet | Found a large runed translucent door.
 27807 | Gauntlet | Found a large runed translucent door.
 27807 | Gauntlet | Found a large runed translucent door.
 27807 | Gauntlet | Found a runed translucent door.
 27807 | Gauntlet | Found a runed translucent door.
 27808 | Gauntlet | Found a large runed translucent door.
 27809 | Gauntlet | Found a large runed translucent door.
 27809 | Gauntlet | Found a large runed translucent door.
 27809 | Gauntlet | Found a large runed translucent door.
 27810 | Gauntlet | Found a large runed translucent door.
 27811 | Gauntlet | Found a large runed translucent door.
 27812 | Gauntlet | Found a large runed translucent door.
 27812 | Gauntlet | Found a large runed translucent door.
 27813 | Gauntlet | Found a large runed translucent door.
 27813 | Gauntlet | Found a large runed translucent door.
 27813 | Gauntlet | Found a large runed translucent door.
 27813 | Gauntlet | Found a large runed translucent door.
 27817 | Gauntlet | Found a runed translucent gate.
 27817 | Gauntlet | Found a runed translucent gate.
 27817 | Gauntlet | Found a runed translucent gate.
 27819 | Gauntlet | Found a transporter.
 27864 | Gauntlet | Found a transporter.
 27873 | Gauntlet | Found a transporter.
 27882 | Gauntlet | Found a transporter.
 27883 | Gauntlet | Found a transporter.
 27890 | Gauntlet | Found a transporter.
 27892 | Gauntlet | Found a transporter.
 28066 | Gauntlet | Learned a level 3 spell: Inner Flame
 28074 | Gauntlet | Learned a level 7 spell: Storm Form
 28077 | Gauntlet | Learned a level 2 spell: Wereblood
 28317 | Gauntlet | Identified the amulet of Viacw {rF++ Regen+ Str-2 Stlth+}
 28319 | Gauntlet | Identified the amulet of Qearhaf {Acrobat rC+ rN+ MP-9}
 28380 | Abyss:3  | Found a shimmering blue altar of Sif Muna.
 28380 | Abyss:3  | Cast into level 3 of the Abyss (a wizard)
 28450 | Abyss:3  | Killed from afar by a wretched star

Illustrated notes

Levels and vault maps discovered:
D:1:      sevenhm_arrival_forest_fort_small_5, layout_basic,
          corexii_item_surrounded_by_moat
D:2:      layout_basic
D:3:      layout_loops_ring, grunt_gozag_statues, overflow_temple_1_default,
          chequers_temple_overflow_minitemple, dreamdust_wishing_well,
          grunt_ministairs_15
D:4:      layout_basic, grunt_ministairs_3
D:5:      layout_basic, minmay_checkerbox
D:6:      minmay_angry_zag, layout_basic, minmay_temple_entry_butterflies,
          uniq_sigmund, uniq_duvessa, uniq_edmund
D:7:      layout_basic, amethyst_overflow_temple_binary
D:8:      layout_basic, led_sif_pool, hellmonk_lair_entry_icy, serial_curves,
          eino_curves_01, eino_curves_03, minmay_misc_feat_columns
D:9:      layout_irregular_city, nicolae_hexahallways, uniq_psyche
D:10:     layout_roguey [special_room_orc], mainiacjoe_overflow_six_doors_small,
          minivault_22, kennysheep_decorative_pillar
D:11:     minmay_ice_pillars, layout_irregular_city
D:12:     layout_long_grid, david_orc_5, serial_ice, serial_ice_g, serial_ice_b,
          serial_ice_f, serial_ice_d, serial_ice_o,
          portal_ice_cave_entry_pillars_1, minmay_crystal_box
D:13:     layout_basic
D:14:     layout_roguey, david_vaults_5, nicolae_water_bricks, uniq_jorgrun
D:15:     hangedman_depths_entry_try_elsewhere_first, layout_basic,
          gauntlet_entry_generic
Temple:   pdpol_scorched_temple
Lair:1:   layout_gridlike, serial_bayou_shore_b, uniq_fannar
Lair:2:   layout_hall_layers, guppyfry_snake_entry_island
Lair:3:   layout_cave_pods, nicolae_shoals_entry_flooding, enter_volcano_2,
          infiniplex_staircase_pool
Lair:4:   layout_cellular_growth, slime_entry_2, gammafunk_ghost_hydra_chop,
          grunt_megastairs_1, serial_bayou_shore_b, infiniplex_staircase_pool_2
Lair:5:   minmay_lair_end_enchanted_forest, layout_gridlike,
          hibernation_bobbens, serial_bayou_shore_b
Orc:1:    layout_caves, basic_altar, serial_shops, shop, uniq_josephine,
          uniq_snorg, uniq_erica, uniq_nergalle
Orc:2:    grunt_orc_community_town_hall, layout_caves,
          grunt_orc_community_big_house_2, grunt_orc_community_big_house_1,
          grunt_orc_community_house_2, grunt_orc_community_house_1,
          grunt_orc_community_house_3, grunt_orc_community_house_1,
          grunt_orc_community_house_1, serial_shops, shop, uniq_nessos,
          uniq_urug
Abyss:3:  base: D:2, hangedman_summoners_spam, hangedman_abyss_or_decor_stabs
Gauntlet: gammafunk_gauntlet_shortcut [nicolae_gauntlet_arena_x,
          minmay_gauntlet_arena_make_your_own_arena,
          gammafunk_gauntlet_arena_open, gammafunk_gauntlet_arena_hedges,
          gammafunk_gauntlet_arena_corners,
          gammafunk_gauntlet_arena_split_diamond, gauntlet_exit_watery]

Skill      XL: |  1  2  3  4  5  6  7  8  9 10 11 12 13 14 |
---------------+-------------------------------------------+-----
Summonings     | 5 7 8 9 10 12 14 | 14.2
Hexes          | 1 2 5 |  5.8
Air Magic      | 1 4 5 6 7 8 9 10 | 10.5
Fighting       | 3 4 5 6 8 9 |  9.2
Dodging        | 5 6 7 8 11 12 | 12.4
Unarmed Combat | 3 4 5 7 9 |  9.5
Spellcasting   | 5 6 7 8 11 12 | 12.0
Evocations     | 3 |  3.6
Transmutations | 1 3 4 8 9 |  9.3
Stealth        | |  2.6

Action                     |  1- 3 |  4- 6 |  7- 9 | 10-12 | 13-15 || total
---------------------------+-------+-------+-------+-------+-------++-------
  Melee: Unarmed           |    29 |    18 |    32 |    74 |    99 ||   252
         Bite              |     2 |     6 |     6 |    14 |    15 ||    43
         Punch             |       |       |     1 |     7 |    10 ||    18
   Cast: Summon Small Mamm |    43 |     5 |     6 |     2 |       ||    56
         Call Imp          |    18 |     4 |    18 |    21 |     9 ||    70
         Call Canine Famil |     9 |     6 |    42 |    81 |    78 ||   216
         Summon Guardian G |       |     1 |    41 |   108 |    90 ||   240
         Summon Lightning  |       |       |    29 |   127 |   115 ||   271
         Tukima's Dance    |       |       |       |    11 |     9 ||    20
 Invoke: Call Merchant     |       |       |       |     2 |     1 ||     3
         Potion Petition   |       |       |       |       |     1 ||     1
  Evoke: Wand              |       |       |     3 |    11 |     6 ||    20
    Use: Potion            |       |     2 |       |     3 |     5 ||    10
         Scroll            |       |     1 |       |    16 |    11 ||    28
   Stab: Sleeping          |     1 |     1 |       |       |     2 ||     4
         Distracted        |       |       |     1 |     2 |     4 ||     7
 Armour: Skin              |     3 |     1 |     3 |    12 |    15 ||    34
  Dodge: Dodged            |    27 |    27 |    62 |   147 |   254 ||   517

Table legend: (Time is in decaauts)
 A = Elapsed time spent in this place.
 B = Non-inter-level travel time spent in this place.
 C = Inter-level travel time spent in this place.
 D = Time resting spent in this place.
 E = Time spent auto-exploring this place.
 F = Levels seen in this place.
 G = Mean time per level.
                   A        B        C        D        E       F      G
               +--------+--------+--------+--------+--------+-----+--------+
         Total |  25238 |  24366 |    872 |    487 |  18279 |  25 | 1009.5 |
       Dungeon |  16515 |  15908 |    607 |    169 |  12664 |  15 | 1101.0 |
        Temple |     40 |     40 |      0 |      0 |     26 |   1 |   40.0 |
          Lair |   5671 |   5458 |    213 |      0 |   4124 |   5 | 1134.2 |
  Orcish Mines |   2410 |   2358 |     52 |    130 |   1362 |   2 | 1205.0 |
         Abyss |     67 |     67 |      0 |      0 |     40 |   1 |   67.0 |
      Gauntlet |    533 |    533 |      0 |    188 |     60 |   1 |  533.0 |
               +--------+--------+--------+--------+--------+-----+--------+

Top non-repeatable levels by time:
    D:12: 1549 daAuts
     D:8: 1512 daAuts
    D:11: 1488 daAuts
  Lair:5: 1482 daAuts
   Orc:2: 1341 daAuts
     D:9: 1244 daAuts
    D:13: 1168 daAuts
     D:5: 1143 daAuts
  Lair:1: 1109 daAuts
     D:1: 1105 daAuts
   Orc:1: 1069 daAuts
     D:6: 1066 daAuts
  Lair:3: 1055 daAuts
  Lair:4: 1050 daAuts
    D:10: 1036 daAuts
